3L
D.C. DIVIDED @ MONTANA PANDAS
04/17/2022
 
TOP OF THE 1ST
D.C. Divided batting - Pitching for Montana Pandas : RHP Henri Pollini
Pitching: RHP Henri Pollini
Batting: LHB Charles Mathes 0-0: Swinging Strike
0-1: Fly out, F8 (Flyball, 78D)
Batting: SHB Eiji Suzuki 0-0: Foul Ball, location: 2F
0-1: Ball
1-1: Ball
2-1: Called Strike
2-2: Ball
3-2: Base on Balls
Batting: LHB Mike Gardner 0-0: Ball
1-0: Ball
2-0: Swinging Strike
2-1: Ball
3-1: Base on Balls
Eiji Suzuki to second
Batting: RHB Lúcio López 0-0: Ball
1-0: Called Strike
1-1: SINGLE (Flyball, 9LS)
Eiji Suzuki to third
Mike Gardner to second
Runner from 3rd tries for Home, SAFE, no throw or cutoff
Batting: RHB Gustavo Mateo 0-0: SINGLE (Groundball, 6M)
Mike Gardner to third
Lúcio López to second
Runner from 3rd tries for Home, SAFE, throw made home
Lúcio López to third
Gustavo Mateo to second
Batting: RHB Duncan Thomas 0-0: Called Strike
Balk!
Lúcio López scores
Gustavo Mateo to third
0-1: Fly out, F9 (Flyball, 89XD)
Runner from 3rd tags up, SCORES, no throw
Batting: RHB Roberto Maestas 0-0: Fly out, F7 (Flyball, 78M)
Top of the 1st over - 4 run(s), 2 hit(s), 0 error(s), 0 left on base; D.C. 4 - Montana 0
BOTTOM OF THE 1ST
Montana Pandas batting - Pitching for D.C. Divided : RHP Neil Gilliam
Pitching: RHP Neil Gilliam
Batting: RHB Al Thomas 0-0: Ball
1-0: Ground out 4-3 (Groundball, 4M)
Batting: LHB Thomas Campbell 0-0: Ball
1-0: Called Strike
1-1: Swinging Strike
1-2: Ball
2-2: Foul Ball, location: 2F
2-2: Foul Ball, location: 2F
2-2: Foul Ball, location: 2F
2-2: Foul Ball, location: 2F
2-2: Foul Ball, location: 2F
2-2: Ball
3-2: Base on Balls
Batting: RHB Jean Chamissa 0-0: Swinging Strike
0-1: Ball
1-1: Swinging Strike
1-2: Strikes out swinging
Batting: RHB Raúl Delgado 0-0: Ball
1-0: Swinging Strike
1-1: Called Strike
1-2: Strikes out swinging
Bottom of the 1st over - 0 run(s), 0 hit(s), 0 error(s), 1 left on base; D.C. 4 - Montana 0
TOP OF THE 2ND
D.C. Divided batting - Pitching for Montana Pandas : RHP Henri Pollini
Batting: LHB Jorge Aicón 0-0: Ball
1-0: Ball
2-0: Ball
3-0: Swinging Strike
3-1: Base on Balls
Batting: RHB Lúcio Montoya 0-0: Called Strike
0-1: Called Strike
0-2: Ball
1-2: Ball
2-2: Foul Ball, location: 2F
2-2: Ball
3-2: Foul Ball, location: 2F
3-2: Base on Balls
Jorge Aicón to second
Batting: LHB Charles Mathes 0-0: Ball
1-0: Ball
2-0: Ball
3-0: Base on Balls
Jorge Aicón to third
Lúcio Montoya to second
Batting: SHB Eiji Suzuki 0-0: Called Strike
0-1: Ball
1-1: Called Strike
1-2: Ball
2-2: Foul Ball, location: 2F
2-2: DOUBLE (Line Drive, 89XD)
Jorge Aicón scores
Lúcio Montoya scores
Charles Mathes to third
Batting: LHB Mike Gardner 0-0: Called Strike
0-1: Ball
1-1: Swinging Strike
1-2: Ball
2-2: Hit by Pitch
Batting: RHB Lúcio López 0-0: Called Strike
0-1: Hit by Pitch
Charles Mathes scores
Eiji Suzuki to third
Mike Gardner to second
Pitching: RHP Stephen Dowell
Batting: RHB Gustavo Mateo 0-0: Ball
1-0: Ball
2-0: Called Strike
2-1: Ball
3-1: Grounds into double play, 5-4-3 (Groundball, 56)
Eiji Suzuki scores
Mike Gardner to third
Batting: RHB Duncan Thomas 0-0: Foul Ball, location: 2F
0-1: Called Strike
0-2: Strikes out swinging
Top of the 2nd over - 4 run(s), 1 hit(s), 0 error(s), 1 left on base; D.C. 8 - Montana 0
BOTTOM OF THE 2ND
Montana Pandas batting - Pitching for D.C. Divided : RHP Neil Gilliam
Batting: RHB Rubén Marino 0-0: Ball
1-0: Swinging Strike
1-1: Ball
2-1: Ball
3-1: Base on Balls
Batting: LHB Francisco Ornelas 0-0: Called Strike
0-1: Fielders Choice at 2nd, 6-4 (Groundball, 56)
Batting: RHB Millard Watson 0-0: Fly out, F9 (Flyball, 9D)
Batting: RHB Eduardo Sánchez 0-0: Called Strike
0-1: Ball
1-1: Ball
2-1: Swinging Strike
2-2: Ball
3-2: Strikes out swinging
Bottom of the 2nd over - 0 run(s), 0 hit(s), 0 error(s), 1 left on base; D.C. 8 - Montana 0
TOP OF THE 3RD
D.C. Divided batting - Pitching for Montana Pandas : RHP Stephen Dowell
Batting: RHB Roberto Maestas 0-0: Called Strike
0-1: Ball
1-1: Ball
2-1: Fly out, F6 (Popup, 6)
Batting: LHB Jorge Aicón 0-0: Swinging Strike
0-1: Ground out U3 (Groundball, 3S)
Batting: RHB Lúcio Montoya 0-0: Ball
1-0: Ball
2-0: Fly out, F8 (Flyball, 8LM)
Top of the 3rd over - 0 run(s), 0 hit(s), 0 error(s), 0 left on base; D.C. 8 - Montana 0
BOTTOM OF THE 3RD
Montana Pandas batting - Pitching for D.C. Divided : RHP Neil Gilliam
Batting: LHB Dave Knight 0-0: Ball
1-0: Fly out, F7 (Flyball, 7M)
Batting: RHB Al Thomas 0-0: Called Strike
0-1: Ball
1-1: Swinging Strike
1-2: Ground out 6-3 (Groundball, 6)
Batting: LHB Thomas Campbell 0-0: Ball
1-0: Foul Ball, location: 2F
1-1: Swinging Strike
1-2: Ball
2-2: Ball
3-2: Base on Balls
Batting: RHB Jean Chamissa 0-0: Called Strike
0-1: Foul Ball, location: 2F
0-2: Ball
1-2: Ball
2-2: Foul Ball, location: 2F
2-2: Foul Ball, location: 2F
2-2: Foul Ball, location: 2F
2-2: SINGLE (Groundball, 6D)
Thomas Campbell to second
Batting: RHB Raúl Delgado 0-0: Ball
1-0: Ball
2-0: Foul Ball, location: 2F
2-1: Foul Ball, location: 2F
2-2: Strikes out swinging
Bottom of the 3rd over - 0 run(s), 1 hit(s), 0 error(s), 2 left on base; D.C. 8 - Montana 0
TOP OF THE 4TH
D.C. Divided batting - Pitching for Montana Pandas : RHP Stephen Dowell
Batting: LHB Charles Mathes 0-0: Ball
1-0: Fly out, F8 (Flyball, 8LXD)
Batting: SHB Eiji Suzuki 0-0: Ground out 4-3 (Groundball, 4)
Batting: LHB Mike Gardner 0-0: Ball
1-0: Called Strike
1-1: Ball
2-1: SINGLE (Line Drive, 4M)
Batting: RHB Lúcio López 0-0: Called Strike
0-1: Fly out, F8 (Flyball, 8LXD)
Top of the 4th over - 0 run(s), 1 hit(s), 0 error(s), 1 left on base; D.C. 8 - Montana 0
BOTTOM OF THE 4TH
Montana Pandas batting - Pitching for D.C. Divided : RHP Neil Gilliam
Batting: RHB Rubén Marino 0-0: Ball
1-0: Ball
2-0: Called Strike
2-1: Ball
3-1: Base on Balls
Batting: LHB Francisco Ornelas 0-0: Fly out, F5 (Popup, 5F)
Batting: RHB Millard Watson 0-0: SINGLE (Line Drive, 4D)
Rubén Marino to second
Batting: RHB Eduardo Sánchez 0-0: Ball
1-0: Foul Ball, location: 2F
1-1: Ball
2-1: Ball
3-1: Called Strike
3-2: Grounds into double play, 6-4-3 (Groundball, 6)
Bottom of the 4th over - 0 run(s), 1 hit(s), 0 error(s), 1 left on base; D.C. 8 - Montana 0
TOP OF THE 5TH
D.C. Divided batting - Pitching for Montana Pandas : RHP Stephen Dowell
Batting: RHB Gustavo Mateo 0-0: Ball
1-0: Swinging Strike
1-1: Swinging Strike
1-2: Ball
2-2: Strikes out swinging
Batting: RHB Duncan Thomas 0-0: Ball
1-0: Foul Ball, location: 2F
1-1: Ball
2-1: Foul Ball, location: 2F
2-2: Foul Ball, location: 2F
2-2: SINGLE (Flyball, 7S)
Batting: RHB Roberto Maestas 0-0: Reached on error, E5 (Groundball, 5S)
Duncan Thomas to second
Batting: LHB Jorge Aicón 0-0: Fly out, F3 (Popup, 3SF)
Batting: RHB Lúcio Montoya 0-0: Ball
1-0: Ball
2-0: Ball
3-0: Base on Balls
Duncan Thomas to third
Roberto Maestas to second
Pitching: RHP Jorge Cantú
Pinch Hitting: LHB Ernesto Sánchez 0-0: Ground out 1-3 (Groundball, 25)
Top of the 5th over - 0 run(s), 1 hit(s), 1 error(s), 3 left on base; D.C. 8 - Montana 0
BOTTOM OF THE 5TH
Montana Pandas batting - Pitching for D.C. Divided : RHP Neil Gilliam
Pitching: RHP Ben Quinn
Now in RF: Ernesto Sánchez
Batting: LHB Dave Knight 0-0: Ball
1-0: Ball
2-0: SINGLE (Flyball, 7S)
Batting: RHB Al Thomas 0-0: Ball
1-0: Called Strike
1-1: Called Strike
1-2: Foul Ball, location: 2F
1-2: Strikes out swinging
Batting: LHB Thomas Campbell 0-0: Ball
1-0: Called Strike
1-1: Fly out, F7 (Flyball, 78M)
Batting: RHB Jean Chamissa 0-0: Foul Ball, location: 2F
0-1: Called Strike
0-2: Ball
1-2: TRIPLE (Line Drive, 9LS)
Dave Knight scores
Batting: RHB Raúl Delgado 0-0: Swinging Strike
0-1: Foul Ball, location: 2F
0-2: Ball
1-2: Foul Ball, location: 2F
1-2: Strikes out swinging
Bottom of the 5th over - 1 run(s), 2 hit(s), 0 error(s), 1 left on base; D.C. 8 - Montana 1
TOP OF THE 6TH
D.C. Divided batting - Pitching for Montana Pandas : RHP Jorge Cantú
Pinch Hitting: RHB Brett Robinson 0-0: Ball
1-0: Foul Ball, location: 2F
1-1: Ground out 4-3 (Groundball, 34)
Pinch Hitting: RHB Miguel Silva 0-0: Ground out 2-3 (Groundball, 2L)
Pinch Hitting: RHB Yoshiyuki Sasaki 0-0: Ball
1-0: Called Strike
1-1: Ball
2-1: Ball
3-1: SINGLE (Flyball, 7LS)
Pinch Hitting: LHB Félix Pérez 0-0: Ball
1-0: Ball
2-0: Ball
3-0: Swinging Strike
3-1: Base on Balls
Yoshiyuki Sasaki to second
Batting: RHB Tony Romero 0-0: Called Strike
0-1: Foul Ball, location: 2F
0-2: Strikes out looking
Top of the 6th over - 0 run(s), 1 hit(s), 0 error(s), 2 left on base; D.C. 8 - Montana 1
BOTTOM OF THE 6TH
Montana Pandas batting - Pitching for D.C. Divided : RHP Ben Quinn
Now at 1B: Miguel Silva
Now at 2B: Jonathan Widdop
Now at 3B: Cristo González
Now in LF: Brett Robinson
Batting: RHB Rubén Marino 0-0: Called Strike
0-1: Foul Ball, location: 2F
0-2: Ball
1-2: Fly out, F8 (Flyball, 8LM)
Batting: LHB Francisco Ornelas 0-0: Called Strike
0-1: Ball
1-1: Fly out, F7 (Flyball, 7LS)
Batting: RHB Millard Watson 0-0: Called Strike
0-1: Ball
1-1: Foul Ball, location: 2F
1-2: Foul Ball, location: 2F
1-2: Strikes out swinging
Bottom of the 6th over - 0 run(s), 0 hit(s), 0 error(s), 0 left on base; D.C. 8 - Montana 1
TOP OF THE 7TH
D.C. Divided batting - Pitching for Montana Pandas : RHP Jorge Cantú
Pinch Hitting: LHB Brad Elmore 0-0: Ball
1-0: Called Strike
1-1: Ball
2-1: Ball
3-1: Base on Balls
Batting: LHB Jorge Aicón 0-0: Sac Bunt - play at first, batter OUT! 1-3
Brad Elmore to second
Batting: RHB Lúcio Montoya 0-0: Called Strike
0-1: Foul Ball, location: 2F
0-2: Strikes out swinging
Batting: LHB Ernesto Sánchez 0-0: Ball
1-0: Ball
2-0: Fly out, F7 (Flyball, 7S)
Top of the 7th over - 0 run(s), 0 hit(s), 0 error(s), 1 left on base; D.C. 8 - Montana 1
BOTTOM OF THE 7TH
Montana Pandas batting - Pitching for D.C. Divided : RHP Ben Quinn
Now in LF: Brad Elmore
Batting: RHB Eduardo Sánchez 0-0: Swinging Strike
0-1: Ball
1-1: Swinging Strike
1-2: Ball
2-2: Foul Ball, location: 2F
2-2: Ball
3-2: Strikes out looking
Batting: LHB Dave Knight 0-0: Fly out, F8 (Flyball, 8LD)
Batting: RHB Al Thomas 0-0: SINGLE (Line Drive, 56D)
Pinch Hitting: LHB Chris Gregory 0-0: Ground out 4-3 (Groundball, 4)
Bottom of the 7th over - 0 run(s), 1 hit(s), 0 error(s), 1 left on base; D.C. 8 - Montana 1
TOP OF THE 8TH
D.C. Divided batting - Pitching for Montana Pandas : RHP Jorge Cantú
Now in CF: Chris Gregory
Batting: RHB Brett Robinson 0-0: Ball
1-0: Ball
2-0: Ground out 6-3 (Groundball, 6M)
Batting: RHB Miguel Silva 0-0: Called Strike
0-1: SINGLE (Groundball, 5D)
Batting: RHB Jonathan Widdop 0-0: Ball
1-0: Called Strike
1-1: Ball
2-1: Swinging Strike
2-2: Foul Ball, location: 2F
2-2: Foul Ball, location: 2F
2-2: Foul Ball, location: 2F
2-2: Strikes out swinging
Batting: RHB Cristo González 0-0: Called Strike
0-1: Ball
1-1: Ball
2-1: Foul Ball, location: 2F
2-2: Ball
3-2: Foul Ball, location: 2F
3-2: Foul Ball, location: 2F
3-2: Foul Ball, location: 2F
3-2: Ground out 2-3 (Groundball, 2L)
Top of the 8th over - 0 run(s), 1 hit(s), 0 error(s), 1 left on base; D.C. 8 - Montana 1
BOTTOM OF THE 8TH
Montana Pandas batting - Pitching for D.C. Divided : RHP Ben Quinn
Pinch Hitting: RHB Chris Smith 0-0: Reached on error, E5 (Groundball, 56)
Pinch Hitting: LHB Luis Costello 0-0: Ball
1-0: Fly out, F3 (Popup, 3F)
Pinch Hitting: LHB Jeff Lee 0-0: Called Strike
0-1: Ball
1-1: Ball
2-1: Ball
3-1: Foul Ball, location: 2F
3-2: Foul Ball, location: 2F
3-2: Grounds into double play, 1-6-3 (Groundball, 13)
Bottom of the 8th over - 0 run(s), 0 hit(s), 1 error(s), 0 left on base; D.C. 8 - Montana 1
TOP OF THE 9TH
D.C. Divided batting - Pitching for Montana Pandas : RHP Jorge Cantú
Pitching: LHP José Hernández
Now at 2B: Pancho Salaedo
Now at 3B: Luis Costello
Now at SS: Wilbur James
Batting: RHB Tony Romero 0-0: Ball
1-0: SINGLE (Groundball, 34D)
Batting: LHB Brad Elmore 0-0: Ball
Tony Romero steals 2nd base
1-0: Ball
2-0: Ball
3-0: Called Strike
3-1: Called Strike
3-2: Ground out 4-3 (Groundball, 34)
Tony Romero to third
Pinch Hitting: RHB Justin Saginov 0-0: Called Strike
0-1: Swinging Strike
0-2: Ball
1-2: Foul Ball, location: 2F
1-2: Foul Ball, location: 2F
1-2: Foul Ball, location: 2F
1-2: Fly out, F7 (Flyball, 78D)
Runner from 3rd tags up, SCORES, no throw
Batting: RHB Lúcio Montoya 0-0: Ball
1-0: Swinging Strike
1-1: Ball
2-1: Ground out 6-3 (Groundball, 6)
Top of the 9th over - 1 run(s), 1 hit(s), 0 error(s), 0 left on base; D.C. 9 - Montana 1
BOTTOM OF THE 9TH
Montana Pandas batting - Pitching for D.C. Divided : RHP Ben Quinn
Pitching: RHP Jesse Bowling
Now at C: Justin Saginov
Pinch Hitting: RHB Iván Pérez 0-0: Hit by Pitch
Pinch Hitting: LHB Andrés Ibarra 0-0: Ball
1-0: Ball
2-0: Called Strike
2-1: Ball
3-1: 2-RUN HOME RUN (Flyball, 9D), Distance : 371 ft
Batting: LHB Tomás Guillén 0-0: Called Strike
0-1: SINGLE (Groundball, 56D)
Pinch Hitting: LHB Albert González 0-0: Ball
1-0: Ball
2-0: Foul Ball, location: 2F
2-1: Ball
3-1: Base on Balls
Tomás Guillén to second
Pinch Hitting: LHB Steve Riggs 0-0: Ball
1-0: Ball
2-0: DOUBLE (Line Drive, 8RM)
Tomás Guillén scores
Albert González to third
Runner from 3rd tries for Home, SAFE, no throw or cutoff
Pitching: LHP Greg Jordan
Batting: LHB Chris Gregory 0-0: Called Strike
0-1: Ball
1-1: Foul Ball, location: 2F
1-2: Ball
2-2: Ball
3-2: Base on Balls
Batting: RHB Pancho Salaedo 0-0: Called Strike
0-1: Grounds into double play, 1-6-3 (Groundball, 23)
Steve Riggs to third
Batting: LHB Luis Costello 0-0: Called Strike
0-1: Fly out, F2 (Popup, 23F)
Bottom of the 9th over - 4 run(s), 3 hit(s), 0 error(s), 1 left on base; D.C. 9 - Montana 5
This league is powered by Out of the Park Baseball, the baseball management simulation game for PC, Mac and Linux
Friday, April 15th, 2016 - OOTP Baseball 16.9 Build 39